 Dungeon Crawl Stone Soup version 0.31-a0-441-g867994ef1c (webtiles) character file.

Game seed: 11828699125488251247

253 Sabo the Chopper (level 5, 0/42 HPs)
             Began as a Demonspawn Fighter on Aug 3, 2023.
             Was a Believer of Lugonu.
             Slain by a gnoll
             ... wielding a +0 halberd
             ... led by a gnoll bouda
              (8 damage)
             ... on level 4 of the Dungeon.
             The game lasted 00:15:43 (2977 turns).

Sabo the Chopper (Demonspawn Fighter)               Turns: 2977, Time: 00:15:44

Health: 0/42       AC: 11    Str: 22    XL:     5   Next: 90%
Magic:  5/5        EV:  6    Int:  9    God:    Lugonu [**....]
Gold:   72         SH:  4    Dex: 12    Spells: 4/4 levels left

rFire   . . .        a - +0 war axe
rCold   . . .        c - +0 buckler
rNeg    . . .        j - +0 plate armour
rPois   .            (no helmet)
rElec   .            n - scarf {+Inv}
rCorr   .            (no gloves)
SInv    +            (no boots)
Will    .....        (no amulet) Stlth
                     b - ring of Lailonet {Str+3 SInv}
HPRegen 1.27/turn    (no ring)
MPRegen 0.09/turn

%: no passive effects
@: no status effects
A: powered by death 1, weakness stinger 1, demonic touch 1
a: Renounce Religion, Evoke Invisibility, Depart the Abyss, Banish


You were on level 4 of the Dungeon.
You worshipped Lugonu.
Lugonu was pleased with you.
You visited 1 branch of the dungeon, and saw 4 of its levels.

You collected 72 gold pieces.

Inventory:

Hand Weapons
 a - a +0 war axe (weapon)
Missiles
 i - a throwing net
 o - 2 silver javelins
Armour
 c - a +0 buckler (worn)
 j - a +0 plate armour (worn)
 n - a scarf of invisibility (worn)
Jewellery
 b - the ring of Lailonet (left hand) {Str+3 SInv}
   (You acquired it on level 2 of the Dungeon)

   [ring of see invisible]

   Str:       It affects your strength (+3).
   SInv:      It lets you see invisible.
Talismans
 q - a serpent talisman
Wands
 r - a wand of charming (7)
Scrolls
 m - a scroll of silence
 p - a scroll of enchant armour {unknown}
Potions
 d - a potion of might
 f - 2 potions of mutation {unknown}
 g - 4 potions of heal wounds
 l - a potion of curing {unknown}
 s - a potion of magic {unknown}


   Skills:
 + Level 3.7 Fighting
 + Level 4.0 Axes
 + Level 3.7 Armour
 + Level 1.2 Dodging
 + Level 3.0 Shields


You had 4 spell levels left.
You didn't know any spells.
Your spell library was empty.

Dungeon Overview and Level Annotations

Branches:
Dungeon (4/15)
 Temple: D:4-7

Altars:
Wu Jian
Yredelemnul
Lugonu


Innate Abilities, Weirdness & Mutations

You regenerate a little health from kills.
You have a small tail.
Your touch may inflict minor irresistible damage on your foes.


Message History

The gnoll bouda is moderately wounded.
You slash the gnoll! The gnoll completely misses you.
The gnoll closely misses you.
The gnoll hits you from afar with a +0 halberd.
The gnoll bouda hits you but does no damage.
You block the gnoll's attack.
You hit the gnoll bouda but do no damage.
The gnoll bouda is moderately wounded.
You closely miss the gnoll. You block the gnoll's attack.
You block the gnoll bouda's attack. You block the gnoll's attack.
The gnoll barely misses you.
You hit the gnoll bouda but do no damage.
You tail-slap the gnoll bouda.
The gnoll bouda is heavily wounded.
You slash the gnoll!
You kill the gnoll!
Lugonu accepts your kill. The gnoll hits you but does no damage.
The gnoll bouda hits you with a +0 club.
The gnoll hits you but does no damage.
The gnoll hits you from afar with a +0 halberd.
The gnoll bouda hits you with a +0 club.
You slash the gnoll bouda!
You kill the gnoll bouda!
Lugonu accepts your kill. You block the gnoll's attack.
The gnoll hits you from afar with a +0 halberd!
You block the gnoll's attack.
Your Axes skill increases to level 4!
The gnoll hits you with a +0 halberd.
* * * LOW HITPOINT WARNING * * *
The gnoll hits you from afar with a +0 spear.
* * * LOW HITPOINT WARNING * * *
Things that are here:
a +0 heavy flail; a +0 dagger You slash the gnoll!
The gnoll is almost dead.
The gnoll is no longer moving quickly. x2
The gnoll hits you with a +0 halberd!
You die...

#. ###. ...
######.#####+#
.....#...<...#
.............#
#####........#
#.†).....#
#g)@†....#
.......g.....+
.....P.......#
##...........#
#.P....#######
.......
....##. ..#.
#.


You could see 2 gnolls.

Vanquished Creatures
  A scorpion (D:3)
  A gnoll bouda (D:4)
  6 adders
  5 gnolls
  A shadow imp (D:3)
  6 ball pythons
  3 endoplasms
  5 giant cockroaches
  3 goblins
  5 hobgoblins
  3 jackals (D:2)
  2 quokkas
  6 bats
  5 frilled lizards
  4 kobolds
  2 rats
58 creatures vanquished.

Notes
Turn   | Place    | Note
-------+----------+-------------------------------------------
     0 | D:1      | Sabo the Demonspawn Fighter began the quest for the Orb.
     0 | D:1      | Reached XP level 1. HP: 18/18 MP: 1/1
   154 | D:1      | You fall into a shaft and drop 1 floor!
   394 | D:1      | Found a faded altar of an unknown god.
   405 | D:1      | Prayed at the altar of an unknown god.
   405 | D:1      | Became a worshipper of Lugonu the Unformed
   405 | D:1      | Reached * piety under Lugonu
   472 | D:1      | Gained mutation: You regenerate a little health from kills.
                  | [demonic ancestry]
   472 | D:1      | Reached XP level 2. HP: 24/24 MP: 2/2
   920 | D:1      | Reached skill level 2 in Axes
  1277 | D:2      | Found an ornate altar of the Wu Jian Council.
  1439 | D:2      | Discovered your monstrous ancestry.
  1439 | D:2      | Gained mutation: Your touch may inflict minor irresistible
                  | damage on your foes. [demonic ancestry]
  1439 | D:2      | Reached XP level 3. HP: 29/29 MP: 3/3
  1474 | D:2      | Reached skill level 3 in Axes
  1474 | D:2      | Gained mutation: You have a small tail. [demonic ancestry]
  1474 | D:2      | Reached XP level 4. HP: 31/35 MP: 4/4
  2114 | D:2      | Identified a scroll of acquirement
  2114 | D:2      | Acquired the ring of Lailonet {Str+3 SInv}
  2476 | D:3      | Found a faded altar of an unknown god.
  2522 | D:3      | Noticed a scorpion
  2530 | D:3      | Killed a scorpion
  2530 | D:3      | Reached ** piety under Lugonu
  2531 | D:3      | Reached XP level 5. HP: 25/42 MP: 5/5
  2637 | D:3      | Found a basalt altar of Yredelemnul.
  2960 | D:4      | Reached skill level 1 in Dodging
  2976 | D:4      | Reached skill level 4 in Axes
  2977 | D:4      | Slain by a gnoll

Illustrated notes

Levels and vault maps discovered:
D:1:      lightli_arrival_flooded_house, layout_basic,
          shapermc_ecumenical_altar_pompeii, skrybe_limestone_x
D:2:      layout_basic, basic_altar
D:3:      layout_loops_ring, elyvilon_altar_4,
          mainiacjoe_overflow_cross_hatched, mainiacjoe_overflow_brackets,
          nicolae_overflow_ecumenical_swirl, nicolae_figureground_pulse
D:4:      kennysheep_kobold_camp, layout_basic, kiku_gazebo_garden_becter,
          grunt_gozag_statues, lemuel_doored_altar,
          chequers_serial_rivers_small_b, dreamdust_wishing_well, sigmund_army

Skill      XL: |  1  2  3  4  5 |
---------------+----------------+-----
Axes           | 2 3 4 |  4.0
Armour         | 3 |  3.7
Shields        | 3 |  3.0
Dodging        | 1 |  1.2
Fighting       | |  3.7

Action                     |  1- 3 |  4- 6 || total
---------------------------+-------+-------++-------
  Melee: War axe           |    72 |    85 ||   157
         Tailslap          |       |     9 ||     9
    Use: Scroll            |       |     7 ||     7
 Armour: Scale mail        |    10 |       ||    10
         Plate armour      |    33 |    71 ||   104
  Dodge: Dodged            |    20 |    25 ||    45
  Block: Buckler           |    21 |    18 ||    39

Table legend: (Time is in decaauts)
 A = Elapsed time spent in this place.
 B = Non-inter-level travel time spent in this place.
 C = Inter-level travel time spent in this place.
 D = Time resting spent in this place.
 E = Time spent auto-exploring this place.
 F = Levels seen in this place.
 G = Mean time per level.
                   A        B        C        D        E       F      G
               +--------+--------+--------+--------+--------+-----+--------+
         Total |   3040 |   3040 |      0 |    413 |      0 |   4 |  760.0 |
       Dungeon |   3040 |   3040 |      0 |    413 |      0 |   4 |  760.0 |
               +--------+--------+--------+--------+--------+-----+--------+

Top non-repeatable levels by time:
     D:1: 1260 daAuts
     D:2: 910 daAuts
     D:3: 834 daAuts
     D:4: 35 daAuts
